AoeStats
← 匹皮姆貓

Arabia

508217914Analyzed
4v4 RM · 9d ago on Sep 21, 2026· 30m 4s· 8 players
Game mode
Random Map
Map size
Large (8 player)
Population
200
Speed
Normal
Resources
Standard
Victory
Conquest
Starting age
Dark Age
Ending age
Imperial Age
RankedLock teamsTeams togetherTeam positionsShared explorationLock speedFull tech treeHidden civsTurbo modeCheats
Victory
Defeat
🇪🇸 Hindustanis · Spain
1282
+16
🇪🇸 Celts · Spain
1271
+17
🇨🇳 Jurchens · China
1227
+18
🇨🇳 Magyars · China
1213
+20
🇹🇼 Teutons · Taiwan
1294
-18
🇹🇼 Ethiopians · Taiwan
1291
-18
🇹🇼 Khmer · Taiwan
1290
-18
🇹🇼 Lithuanians · Taiwan
1259
-17
uu
12:04 Feudal Age
12:57 Horse Collar
13:02 Double-Bit Axe
14:30 Forging
14:19 Loom
16:20 Bloodlines
19:05 Wheelbarrow
24:11 Castle Age
23:59 Scale Barding Armor
26:02 Iron Casting
25:47 Chain Barding Armor
25:45 Hand Cart
25:31 Gold Mining
26:41 Chain Barding Armor
27:37 Husbandry
KRAIKTON
7:40 Loom
9:52 Feudal Age
10:09 Man-at-Arms
13:00 Horse Collar
16:57 Arson
18:31 Fletching
18:59 Scale Mail Armor
21:49 Wheelbarrow
24:42 Forging
29:26 Stone Mining
Limako
7:25 Loom
9:11 Feudal Age
14:22 Forging
16:42 Bloodlines
17:20 Scale Barding Armor
18:19 Double-Bit Axe
21:46 Castle Age
21:59 Light Cavalry
22:40 Husbandry
26:04 Iron Casting
28:01 Wheelbarrow
30:09 Chain Barding Armor
高大爷
10:51 Feudal Age
24:50 Castle Age
23:07 Double-Bit Axe
27:05 Wheelbarrow
28:10 Wheelbarrow
27:50 Scale Barding Armor
28:12 Bow Saw
30:27 Husbandry
30:38 Bloodlines
匹皮姆貓
9:47 Feudal Age
8:04 Loom
25:55 Fletching
TAG_VA
7:49 Loom
9:39 Feudal Age
10:35 Double-Bit Axe
10:32 Horse Collar
13:09 Bloodlines
16:36 Scale Barding Armor
18:09 Forging
24:29 Castle Age
25:19 Wheelbarrow
26:28 Chain Barding Armor
26:23 Husbandry
26:44 Bow Saw
26:35 Gold Mining
27:27 Heavy Plow
29:52 Iron Casting
slryze4264
6:04 Loom
8:27 Feudal Age
9:01 Double-Bit Axe
15:09 Scale Barding Armor
15:52 Forging
18:40 Bloodlines
18:49 Gold Mining
22:39 Castle Age
23:50 Horse Collar
25:53 Husbandry
25:57 Pikeman
26:37 Squires
29:29 Scale Mail Armor
TAG_MING
7:22 Loom
10:08 Feudal Age
10:58 Double-Bit Axe
11:26 Fletching
13:28 Horse Collar
Connection lost

Rejoining the realm…

Still unreachable

The connection could not be restored.

Session expired

The server has moved on; the page needs a fresh start.